 Dungeon Crawl Stone Soup version 0.29.1-2-gbd0b4ee654 (webtiles) character file.

Game seed: 5850231646559555696

389 kingsuperguy the Chopper (level 6, -5/53 HPs)
             Began as a Hill Orc Monk on Nov 18, 2022.
             Was a Believer of Beogh.
             Killed by nerve-wracking pain
             ... invoked by an orc priest
              (10 damage)
             ... on level 5 of the Dungeon.
             The game lasted 00:10:39 (5461 turns).

kingsuperguy the Chopper (Hill Orc Monk)            Turns: 5461, Time: 00:10:39

Health: -5/53      AC:  5    Str: 16    XL:     6   Next: 79%
Magic:  6/6        EV: 11    Int: 10    God:    Beogh [**....]
Gold:   132        SH:  0    Dex: 13    Spells: 5/5 levels left

rFire   . . .      SeeInvis .   a - +0 hand axe
rCold   . . .      Faith    .   (no shield)
rNeg    . . .      Spirit   .   y - +0 ring mail of the Feeding Gods {Regen+}
rPois   .          Reflect  .   (no helmet)
rElec   .          Harm     .   (no cloak)
rCorr   +          Rampage  .   (no gloves)
Will    .....                   (no boots)
Stlth   +.........              (no amulet)
HPRegen 0.97/turn               o - ring of resist corrosion
MPRegen 0.10/turn               (no ring)

@: hasted, very quick
A: no striking features
a: Renounce Religion, Smiting


You were on level 5 of the Dungeon.
You worshipped Beogh.
Beogh was pleased with you.
You visited 1 branch of the dungeon, and saw 5 of its levels.

You collected 132 gold pieces.

Inventory:

Hand Weapons
 a - a +0 hand axe (weapon)
Missiles
 f - 3 javelins (quivered)
 m - 6 poisoned darts
 n - a throwing net
 s - 5 curare-tipped darts
Armour
 b - a +0 robe
 d - a +2 leather armour of poison resistance
 j - a +0 chain mail
 t - a +0 scale mail
 y - the +0 ring mail of the Feeding Gods (worn) {Regen+}
   (You found it on level 4 of the Dungeon)

   Regen:     It increases your rate of health regeneration.
Jewellery
 o - a ring of resist corrosion (left hand)
 w - an amulet of magic regeneration
 A - a +6 ring of dexterity
Scrolls
 c - a scroll of acquirement {unknown}
 e - 4 scrolls of teleportation {unknown}
 h - 2 scrolls of immolation {unknown}
 i - 3 scrolls of identify {unknown}
 p - a scroll of fear {unknown}
 r - 2 scrolls of torment {unknown}
 v - a scroll of poison {unknown}
 z - a scroll of enchant armour {unknown}
 B - a scroll of noise {unknown}
 C - a scroll of summoning {unknown}
Potions
 g - 2 potions of invisibility {unknown}
 k - a potion of cancellation {unknown}
 l - 2 potions of curing {unknown}
 q - 2 potions of magic {unknown}
 u - 2 potions of heal wounds {unknown}


   Skills:
 + Level 4.7 Fighting
 + Level 6.7 Axes
 + Level 3.1 Armour
 + Level 3.2 Dodging
 + Level 2.4 Stealth


You had 5 spell levels left.
You didn't know any spells.
Your spell library contained the following spells:

 Spells                   Type           Power      Damage    Failure   Level
 Poisonous Vapours        Pois/Air       0%         N/A       71%         2
 Gell's Gravitas          Tloc           0%         N/A       91%         3
 Teleport Other           Tloc           0%         N/A       91%         3
 Cause Fear               Hex            0%         N/A       100%        4
 Corpse Rot               Necr/Pois/Air  0%         N/A       100%        4
 Petrify                  Tmut/Erth      0%         N/A       100%        4
 Metabolic Englaciation   Hex/Ice        0%         N/A       100%        5
 Dispersal                Tloc           0%         N/A       100%        6
 Statue Form              Tmut/Erth      0%         N/A       100%        6
 Dragon Form              Tmut           0%         N/A       100%        7
 Dragon's Call            Summ           0%         N/A       100%        9


Dungeon Overview and Level Annotations

Branches:
Dungeon (5/15)
 Temple: D:4-7

Altars:
Hepliaklqana
Trog
Yredelemnul
Zin


Message History

The jelly barely misses you.
You hit the jelly.
Your hands burn!
The jelly is severely wounded.
The jelly closely misses you.
You hit the jelly.
You kill the jelly!
Beogh accepts your kill.
A scorpion comes into view.
The iguana bites you!
An orc priest comes into view. It is wielding a +0 hand axe.
Found a stone staircase leading up.
The orc priest shouts!
The iguana misses you.
An orc comes into view. It is wielding a +0 dagger.
You barely miss the iguana. The iguana bites you!
The orc shouts!
You slash the iguana!
The iguana is heavily wounded.
The iguana bites you!
You barely miss the iguana.
The iguana is heavily wounded.
The iguana closely misses you.
Something hits the scorpion.
You hear an angry hiss.
You hit the iguana but do no damage.
The iguana is heavily wounded.
The iguana misses you.
The orc priest mumbles some strange prayers to Beogh against you.
Beogh smites you!
* * * LOW HITPOINT WARNING * * *
An iguana comes into view.
You feel yourself speed up. The iguana bites you.
* * * LOW HITPOINT WARNING * * *
The orc priest calls down the wrath of Beogh upon you.
Beogh smites you!
* * * LOW HITPOINT WARNING * * *
An orc comes into view. It is wielding a +0 flail.
The orc priest calls down the wrath of Beogh upon you.
Pain shoots through your body!
You die...
Beogh appreciates the orc priest's killing of a heretic priest.

.#.................
##................. #
#..................
#.#.........#...##...
.
...........##........
##...........###......
#...####.....##..#....
......#..........#
...........l.@.##..
.............###
...........o##
.........##o#
.........##...
..#......#...... .
##.....(ol....
.......o..... ........
..#..<


You could see an iguana, an orc priest and an orc.

Vanquished Creatures
  2 necrophages (D:4)
  A jelly (D:5)
  Robin (D:3)
  7 gnolls
  4 adders
  2 worms (D:2)
  3 dart slugs
  8 orcs (D:4)
  6 ball pythons
  6 bats
  17 endoplasms
  6 giant cockroaches
  18 goblins
  3 hobgoblins
  4 jackals
  2 quokkas (D:1)
  2 frilled lizards
  6 kobolds
  5 rats
103 creatures vanquished.

Vanquished Creatures (others)
  A frilled lizard (D:1)
1 creature vanquished.

Grand Total: 104 creatures vanquished

Notes
Turn   | Place    | Note
-------+----------+-------------------------------------------
     0 | D:1      | kingsuperguy the Hill Orc Monk began the quest for the Orb.
     0 | D:1      | Reached XP level 1. HP: 19/19 MP: 1/1
    72 | D:1      | Reached XP level 2. HP: 22/27 MP: 2/2
   795 | D:1      | Reached XP level 3. HP: 32/33 MP: 3/3
  1244 | D:1      | Found a faded altar of an unknown god.
  1674 | D:2      | Identified the +1 leather armour of the Lost Path {rElec
                  | Will+ rCorr}
  1805 | D:2      | Reached skill level 5 in Axes
  1805 | D:2      | Reached XP level 4. HP: 20/40 MP: 4/4
  2020 | D:2      | Reached skill level 1 in Armour
  3085 | D:3      | Reached XP level 5. HP: 9/46 MP: 5/5
  3090 | D:3      | HP: 2/46 [gnoll/+0 club (4)]
  3604 | D:3      | Noticed Robin
  3618 | D:3      | Killed Robin
  4153 | D:3      | Found a hazy altar of Hepliaklqana.
  4153 | D:3      | Found a bloodstained altar of Trog.
  4160 | D:3      | Found a faded altar of an unknown god.
  4162 | D:3      | Found a glowing silver altar of Zin.
  4164 | D:3      | Found a basalt altar of Yredelemnul.
  4340 | D:4      | Reached skill level 6 in Axes
  4340 | D:4      | Reached XP level 6. HP: 25/53 MP: 6/6
  4340 | D:4      | Identified the +0 ring mail of the Feeding Gods {Regen+}
  4767 | D:4      | HP: 2/53 [ogre/+0 giant club (18)]
  5420 | D:5      | Entered Level 5 of the Dungeon
  5445 | D:5      | Became a worshipper of Beogh the Brigand
  5445 | D:5      | Reached * piety under Beogh
  5445 | D:5      | Reached ** piety under Beogh
  5461 | D:5      | Killed from afar by an orc priest

Illustrated notes

Levels and vault maps discovered:
D:1:      lordsloth_arrival_two_stooges, layout_loops_corners,
          dreamdust_ecumenical_altar_hidden_monk_grotto
D:2:      minmay_door_path, layout_basic
D:3:      layout_basic, chequers_temple_overflow_minitemple,
          chequers_mini_garden, uniq_robin
D:4:      layout_loops_ring, minivault_14
D:5:      layout_cave_pools

Skill      XL: |  1  2  3  4  5  6 |
---------------+-------------------+-----
Fighting       | 4 |  4.7
Stealth        | 2 |  2.4
Axes           | 5 6 |  6.7
Armour         | 1 2 3 |  3.1
Dodging        | 3 |  3.2

Action                   |  1- 3 |  4- 6 || total
-------------------------+-------+-------++-------
Melee: Hand axe          |   105 |   267 ||   372
       Punch             |     3 |     5 ||     8
Invok: Convert to Beogh  |       |     1 ||     1
  Use: Potion            |       |     3 ||     3
 Stab: Sleeping          |     8 |     4 ||    12
Armor: Leather armour    |    20 |    57 ||    77
       Ring mail         |       |    36 ||    36
Dodge: Dodged            |    57 |   128 ||   185
